 Dungeon Crawl Stone Soup version 0.28-a0-1396-gdcb3f3653b (webtiles) character file.

Game seed: 10583346575019914678

146442 MacCMillion the Demonic Cataclysm (level 16, -6/137 HPs)
             Began as a Demonspawn Fighter on Jan 4, 2022.
             Was a High Priest of Qazlal.
             Mangled by a redback (15 damage)
             ... on level 3 of the Spider Nest on Jan 5, 2022.
             The game lasted 03:22:44 (35427 turns).

MacCMillion the Demonic Cataclysm (DsFi)           Turns: 35427, Time: 03:22:44

Health: -6/137     AC:  3    Str: 21    XL:     16   Next: 89%
Magic:  28/28      EV: 25    Int: 13    God:    Qazlal [*****.]
Gold:   1426       SH:  7    Dex: 13    Spells: 7/26 levels left

rFire   . . .      SeeInvis .   (weapon currently unavailable)
rCold   . . .      Faith    .   (shield currently unavailable)
rNeg    . . .      Spirit   .   (armour currently unavailable)
rPois   .          Reflect  .   (helmet currently unavailable)
rElec   .          Harm     .   (cloak currently unavailable)
rCorr   .          Rampage  .   (gloves currently unavailable)
Will    +....                   (boots currently unavailable)
Stlth   +.........              O - amulet of regeneration
HPRegen 1.12/turn               (ring currently unavailable)
MPRegen 0.21/turn               (ring currently unavailable)

@: mighty, agile, pig-form, protected from physical damage, slowed, studying
Fighting, repel missiles
A: fast, no casting, small, (slimy green scales 2), powered by pain 3, demonic
magic 2, (weakness stinger 2)
a: Renounce Religion, Upheaval, Elemental Force, Disaster Area


You were on level 3 of the Spider Nest.
You worshipped Qazlal.
Qazlal was extremely pleased with you.
You were a filthy swine.
You visited 5 branches of the dungeon, and saw 28 of its levels.
You also visited: Bailey and Gauntlet.

You collected 3434 gold pieces.
You spent 2008 gold pieces at shops.

Inventory:

Hand Weapons
 j - a +1 dagger of electrocution
 k - the +3 dagger of Discretion {spect, rF++ rN+++ Will-}
   (You found it on level 7 of the Dungeon)

   When its wielder attacks, the weapon's spirit leaps out and strikes again.
   The spirit shares a part of any damage it takes with its wielder.
   rF:        It greatly protects you from fire.
   rN:        It renders you almost immune to negative energy.
   Will:      It decreases your willpower.
 l - a +9 quick blade (melded)
Armour
 c - a +0 buckler (melded)
 o - a +2 helmet (melded)
 D - a +2 pair of gloves (melded)
 F - a +0 cloak (melded)
 I - a +2 robe of willpower
 N - a +1 troll leather armour
 R - a +2 ring mail of poison resistance (melded)
 W - a +2 pair of boots of flying (melded)
Jewellery
 s - a ring of poison resistance
 u - a ring of protection from fire (melded)
 O - an amulet of regeneration (around neck)
 Q - a ring of wizardry
 U - the ring of Xom's Fair Game (melded) {Drain rElec Slay+5 SInv Stlth+}
   (You found it in a Gauntlet)

   [ring of see invisible]

   Slay:      It affects your accuracy & damage with ranged weapons and melee
   (+5).
   rElec:     It insulates you from electricity.
   SInv:      It lets you see invisible.
   Drain:     It drains your maximum health when unequipped.
   Stlth:     It makes you more stealthy.
 Y - a ring of willpower
Wands
 a - a wand of acid (4)
 r - a wand of iceblast (7)
 w - a wand of charming (15)
 B - a wand of paralysis (5)
 K - a wand of mindburst (5)
 P - a wand of digging (12)
 T - a wand of flame (4)
Scrolls
 b - 2 scrolls of fog
 e - a scroll of amnesia
 h - 2 scrolls of silence
 m - 5 scrolls of magic mapping
 n - 8 scrolls of vulnerability
 p - 4 scrolls of blinking
 t - 20 scrolls of teleportation
 x - 3 scrolls of immolation
 y - a scroll of enchant weapon
 J - 8 scrolls of enchant armour
 S - 8 scrolls of identify
 V - a scroll of torment
Potions
 d - 4 potions of might
 f - 3 potions of haste
 g - 2 potions of ambrosia
 q - a potion of resistance
 v - 4 potions of lignification
 z - 4 potions of curing
 C - 4 potions of flight
 E - 5 potions of mutation
 H - 3 potions of brilliance
 L - 2 potions of cancellation
 M - 4 potions of attraction
 X - 2 potions of magic
Miscellaneous
 i - a phantom mirror


   Skills:
 + Level 15.7 Fighting
 - Level 8.0 Short Blades
 + Level 7.6 Armour
 + Level 11.4 Dodging
 - Level 5.2 Stealth
 - Level 4.0 Shields
 - Level 5.6 Spellcasting
 - Level 6.0 Conjurations
 * Level 11.6 Hexes
 - Level 3.0 Translocations
 + Level 6.8 Transmutations
 - Level 5.0 Fire Magic
 - Level 17.0 Invocations


You had 7 spell levels left.
You knew the following spells:

 Your Spells              Type           Power      Damage    Failure   Level
a - Wereblood             Tmut           21%        N/A       1%          2
b - Iskenderun's Mystic   Conj/Tloc      15%        2d5       26%         4
c - Inner Flame           Hex/Fire       25%        N/A       1%          3
d - Tukima's Dance        Hex            34%        N/A       1%          3
e - Yara's Violent Unrav  Hex/Tmut       13%        3d7       11%         5
m - Blink                 Tloc           22%        N/A       8%          2

Your spell library contained the following spells:

 Spells                   Type           Power      Damage    Failure   Level
 Apportation              Tloc           22%        N/A       4%          1
 Fulminant Prism          Conj/Hex       13%        3d9       4%          4
 Passwall                 Tmut/Erth      10%        N/A       6%          2
 Ignite Poison            Fire/Tmut/Pois 13%        N/A       11%         3
 Gell's Gravitas          Tloc           11%        N/A       16%         3
 Lesser Beckoning         Tloc           11%        N/A       16%         3
 Teleport Other           Tloc           11%        N/A       16%         3
 Mephitic Cloud           Conj/Pois/Air  8%         N/A       22%         3
 Poisonous Vapours        Pois/Air       6%         N/A       26%         2
 Sublimation of Blood     Necr           3%         N/A       26%         2
 Ice Form                 Ice/Tmut       12%        N/A       38%         4
 Frozen Ramparts          Ice            6%         1d2       45%         3
 Passage of Golubria      Tloc           11%        N/A       45%         4
 Alistair's Intoxication  Tmut/Pois      8%         N/A       75%         5
 Manifold Assault         Tloc           11%        N/A       80%         5
 Animate Dead             Necr           1%         N/A       86%         4
 Olgreb's Toxic Radiance  Pois           3%         N/A       86%         4
 Summon Ice Beast         Ice/Summ       3%         N/A       86%         4
 Summon Lightning Spire   Summ/Air       3%         N/A       86%         4
 Freezing Cloud           Conj/Ice/Air   4%         6-21      91%         5
 Starburst                Conj/Fire      8%         6d4       95%         6
 Borgnjor's Vile Clutch   Necr/Erth      1%         N/A       99%         5
 Lee's Rapid Deconstruct  Erth           1%         3d5*      99%         5
 Death Channel            Necr           1%         N/A       100%        6
 Statue Form              Tmut/Erth      8%         N/A       100%        6
 Haunt                    Necr/Summ      1%         N/A       100%        7
 Storm Form               Tmut/Air       6%         N/A       100%        7
 Summon Hydra             Summ           1%         N/A       100%        7
 Infestation              Necr           1%         N/A       100%        8
 Maxwell's Capacitive Co  Air            1%         ∞         100%        8


Dungeon Overview and Level Annotations

Branches:
Dungeon (15/15)            Temple (1/1) D:4            Lair (6/6) D:9
 Shoals (0/4) Lair:3       Spider (4/4) Lair:2        Slime (0/5) Lair:6
    Orc (2/2) D:12            Elf (0/3) Orc:2        Vaults (0/5) D:14
 Depths (0/4) D:15         Bailey (visited)         Gauntlet (visited)

Altars:
Ashenzari
Cheibriados
Dithmenos
Elyvilon
Fedhas
Hepliaklqana
Kikubaaqudgha
Makhleb
Nemelex Xobeh
Okawaru
Qazlal
Ru
Sif Muna
Trog
Uskayaw
Vehumet
Wu Jian
Xom
Yredelemnul
Zin
The Shining One
Beogh
Jiyva

Shops:
D:1 [   D:11 =   D:12 ?   Orc:2 !(!:=

Portals:
Abyss: D:3

Annotations:
D:12 exclusion: orange crystal statue
D:14 Roxanne
Spider:3 1 runed translucent door, Kefeps's ghost, adept MiBe; Kirke


Innate Abilities, Weirdness & Mutations

You are a filthy swine.
You move quickly.
Your equipment is almost entirely melded.
You are incapable of wielding weapons or throwing items.
You cannot cast spells.
((You are mostly covered in slimy green scales. (AC +3)))
You are powered by pain.
Spells you cast may paralyse nearby enemies.
((You have a tail ending in a sharp stinger.))


Message History

Kirke points at you and mumbles some strange words.
You feel yourself slow down.
The hog is engulfed in freezing vapours.
The hog evades a web.
The meliai closely misses you. The meliai misses you.
You hear an angry hiss. x5
You climb upwards.
Level annotation: 1 runed translucent door, Kefeps's ghost, adept MiBe
* * * LOW HITPOINT WARNING * * *
You focus on the pain.
You feel very mighty all of a sudden.
You feel extremely sick.
There is a stone staircase leading down here.
* * * LOW HITPOINT WARNING * * *
You feel extremely sick. The hog barely misses you. The hog closely misses you.
Kirke is engulfed in freezing vapours.
The wolf spider barely misses you. You block the wolf spider's attack.
You feel better. The hog bites you!
* * * LOW HITPOINT WARNING * * *
You feel more protected from physical attacks.
The hog barely misses you.
The redback is engulfed in freezing vapours.
The redback bites you!
* * * LOW HITPOINT WARNING * * *
You focus on the pain.
You feel agile all of a sudden.
You are lethally poisoned!
The redback poisons you! The wolf spider barely misses you.
You block the wolf spider's attack. The hog completely misses you.
The wolf spider misses you. x2
The redback is engulfed in freezing vapours.
You feel better.
The hog is engulfed in blazing flames.
You block the hog's attack. The redback bites you.
* * * LOW HITPOINT WARNING * * *
You block the wolf spider's attack. The wolf spider bites you.
* * * LOW HITPOINT WARNING * * *
The redback is engulfed in blazing flames.
The redback is engulfed in freezing vapours.
The redback bites you!
You die...

#..........####
#.............##
#.......#.[....####
#..............##.####
#.........##.........#
#.........#.........^#
#...°...○.....[......#
#....°@sh...#.......##
#....○hh^§.........^.#
#...°.ss.............##
#...#°°§.○............##
#.................##.^.#
#.........#........###..
#....#.................#
#................#......
#....................#..
#.......................


You could see Kirke, a wolf spider, 2 hogs and 2 redbacks.

Vanquished Creatures
  Nikola (Spider:1)
  An emperor scorpion (Spider:2)
  A ghost moth (Spider:3)
  A stone giant (D:15)
  Azrael (Orc:2)
  2 entropy weavers
  The ghost of Anamonty the Ogre Mage, a journeyman OgCA of Ignis (D:11)
  The ghost of Conn the Thaumaturge, a journeyman OpFE of Sif Muna (Lair:4)
  The ghost of Majang the Carver, a journeyman BaFi of Ru (Orc:1)
  5 boulder beetles
  8 vault guards (D:14)
  Erolcha (Orc:2)
  8 hydras
  A jorogumo (Spider:3)
  4 catoblepae
  2 centaur warriors
  A radroach (Spider:3)
  2 ogre magi (Orc:2)
  A dancing weapon (Orc:1)
  4 two-headed ogres
  A death knight (D:15)
  14 death yaks
  2 tengu warriors (D:15)
  2 fire crabs
  A skeletal warrior (D:12)
  6 pharaoh ants
  A glowing orange brain (Gauntlet)
  A sun moth (Spider:1)
  10 orb spiders
  3 steelbarb worms
  3 lindwurms
  6 deep elf pyromancers
  8 cyclopes
  4 orc knights
  7 orc sorcerers (Orc:2)
  12 ugly things
  17 wolf spiders
  4 manticores
  2 moths of wrath
  5 elephants (Lair:3)
  4 torpor snails
  5 black mambas
  3 gargoyles
  2 kobold demonologists (Bailey)
  Maggie (D:7)
  14 cane toads
  A freezing wraith (D:15)
  An unseen horror (D:11)
  2 rime drakes
  3 demonic crawlers
  11 komodo dragons
  A tengu conjurer (D:14)
  An efreet (D:13)
  3 trolls
  A wind drake (Lair:3)
  A meliai (shapeshifter) (D:14)
  4 polar bears
  12 meliai
  16 tarantellas
  13 blink frogs
  A hornet (Lair:4)
  4 slime creatures (Gauntlet)
  Prince Ribbit (D:8)
  4 dream sheep (Lair:4)
  63 yaks
  19 jumping spiders
  A shadow (D:13)
  18 culicivoras
  2 wyverns
  4 wraiths
  2 fire bats (Gauntlet)
  A wyvern (shapeshifter) (D:13)
  A hog (Spider:3)
  3 basilisks
  2 fire elementals (Orc:2)
  31 redbacks
  6 vampire mosquitoes
  A steam dragon (D:8)
  4 wargs
  An acid dragon (D:12)
  11 water moccasins
  2 hell hounds (Orc:2)
  2 ice beasts
  27 orc warriors
  A swamp drake (D:12)
  A black bear (shapeshifter) (D:14)
  4 black bears
  3 sky beasts
  7 centaurs
  15 wolves
  8 ogres
  The ghost of dcsswall the Insei, an amateur OpTm (D:3)
  2 kobold brigands (D:8)
  14 bullfrogs
  A scorpion (D:5)
  4 killer bees (D:11)
  7 electric eels
  8 howler monkeys
  A bullfrog zombie (D:6)
  5 centaur zombies
  A crimson imp (D:3)
  5 jellies
  19 orc priests
  A gnoll shaman (D:10)
  2 hounds
  A bullfrog skeleton (D:5)
  Natasha (thrice) (D:3)
  5 iguanas
  38 orc wizards
  3 killer bee zombies
  2 howler monkey zombies
  Robin (D:2)
  7 adders
  18 gnolls
  2 shadow imps
  A white imp (D:5)
  An ufetubus (D:3)
  2 worms
  2 dart slugs
  69 orcs
  6 ball pythons
  8 endoplasms
  4 giant cockroaches
  21 goblins
  22 hobgoblins
  3 jackals (D:2)
  6 quokkas
  4 bats
  2 frilled lizards (D:2)
  12 kobolds
  3 rats (D:1)
  A butterfly (Lair:3)
823 creatures vanquished.

Vanquished Creatures (collateral kills)
  Rupert (Orc:2)
  A broodmother (Spider:2)
  A rakshasa (D:14)
  2 death yaks
  A sun moth (Spider:3)
  2 lindwurms (Lair:6)
  A manticore (Lair:6)
  An efreet (D:12)
  4 meliai
  2 culicivoras
  A fire elemental (Orc:2)
  A redback (Spider:3)
  2 hell hounds (Orc:2)
  An orc warrior (D:12)
  4 centaurs (D:12)
  An orc priest (D:12)
  An orc wizard (D:12)
  3 orcs
30 creatures vanquished.

Vanquished Creatures (others)
  A tarantella (Spider:1)
  4 jumping spiders
  A culicivora (Spider:3)
  3 dancing weapons
  A hell hound (Orc:2)
  An electric eel (Bailey)
  4 demonic plants (Gauntlet)
  68 fungi
  90 plants
173 creatures vanquished.

Grand Total: 1026 creatures vanquished

Notes
Turn   | Place    | Note
-------+----------+-------------------------------------------
     0 | D:1      | MacCMillion the Demonspawn Fighter began the quest for the
                  | Orb.
     0 | D:1      | Reached XP level 1. HP: 18/18 MP: 1/1
    37 | D:1      | Found Keajizai's Armour Shoppe.
   469 | D:2      | Gained mutation: You sometimes gain a little power by
                  | taking damage. [demonic ancestry]
   469 | D:2      | Reached XP level 2. HP: 24/24 MP: 2/2
   877 | D:2      | Gained mutation: Spells you cast may paralyse adjacent
                  | enemies. [demonic ancestry]
   877 | D:2      | Reached XP level 3. HP: 29/29 MP: 3/3
   897 | D:2      | Noticed Robin
  1781 | D:1      | Reached XP level 4. HP: 35/35 MP: 4/4
  2077 | D:2      | Killed Robin
  2731 | D:3      | Noticed Natasha
  2760 | D:3      | Killed Natasha
  2761 | D:3      | Gained mutation: Spells you cast may paralyse nearby
                  | enemies. [demonic ancestry]
  2761 | D:3      | Reached XP level 5. HP: 13/42 MP: 5/5
  3253 | D:3      | Noticed Natasha
  3255 | D:3      | Killed Natasha
  3256 | D:3      | Reached skill level 1 in Transmutations
  3557 | D:3      | Noticed dcsswall's ghost (amateur OpTm)
  3567 | D:3      | Noticed Natasha
  3578 | D:3      | Killed Natasha
  3620 | D:2      | Reached XP level 6. HP: 21/48 MP: 6/6
  3893 | D:3      | Found a transporter.
  3937 | D:3      | Found a transporter.
  4888 | D:4      | Found a staircase to the Ecumenical Temple.
  4900 | Temple   | Entered the Ecumenical Temple
  5082 | Temple   | Upgraded the game from 0.28-a0-1395-g4f6bc678fa to
                  | 0.28-a0-1396-gdcb3f3653b
  5092 | Temple   | Became a worshipper of Qazlal Stormbringer
  5122 | D:4      | Reached XP level 7. HP: 28/55 MP: 7/7
  5701 | D:5      | Entered Level 5 of the Dungeon
  6020 | D:5      | Reached skill level 5 in Fighting
  7063 | D:5      | Reached skill level 1 in Invocations
  7063 | D:5      | Reached XP level 8. HP: 62/62 MP: 8/8
  7285 | D:6      | Reached skill level 5 in Short Blades
  7316 | D:6      | Reached skill level 5 in Armour
  7316 | D:6      | Reached skill level 2 in Invocations
  7394 | D:6      | Learned a level 2 spell: Wereblood
  8122 | D:6      | Reached skill level 1 in Dodging
  8355 | D:7      | Reached skill level 3 in Invocations
  8586 | D:7      | Identified the +3 dagger of Discretion {spect, rF++ rN+++
                  | Will-}
  8843 | D:7      | Noticed Maggie
  8860 | D:7      | Killed Maggie
  8966 | D:7      | Reached skill level 4 in Invocations
  9172 | D:7      | Reached XP level 9. HP: 68/68 MP: 12/12
  9290 | D:8      | Noticed Prince Ribbit
  9399 | D:8      | Reached * piety under Qazlal
  9846 | D:8      | Killed Prince Ribbit
  9847 | D:8      | Reached skill level 5 in Invocations
  9920 | D:8      | Reached skill level 5 in Transmutations
 10353 | D:9      | Noticed a brown ugly thing
 10597 | D:9      | Reached skill level 6 in Invocations
 10606 | D:9      | Reached skill level 1 in Spellcasting
 10713 | D:9      | Found a flagged portal.
 10738 | Bailey   | Entered a bailey
 10757 | Bailey   | Reached skill level 7 in Invocations
 11068 | Bailey   | Gained mutation: You have a small tail. [demonic ancestry]
 11068 | Bailey   | Reached XP level 10. HP: 58/74 MP: 12/15
 11068 | Bailey   | Reached ** piety under Qazlal
 11170 | Bailey   | Noticed an orc knight
 11179 | Bailey   | Reached skill level 8 in Invocations
 11182 | Bailey   | Killed an orc knight
 11183 | Bailey   | Reached skill level 9 in Invocations
 11327 | Bailey   | Noticed an orc knight
 11335 | Bailey   | Killed an orc knight
 11336 | Bailey   | Reached skill level 10 in Invocations
 11449 | Bailey   | Identified the +1 plate armour of Hairiness {Will+ rCorr
                  | Str+4}
 11460 | Bailey   | Found an iron altar of Okawaru.
 11515 | Bailey   | Identified the +9 hunting sling "Worm's Wrath" {freeze, rF+
                  | rN++ Str+3}
 12260 | D:9      | Noticed a two-headed ogre
 12267 | D:9      | Killed a two-headed ogre
 12268 | D:9      | Reached skill level 5 in Dodging
 12427 | D:9      | Killed a brown ugly thing
 12435 | D:9      | Gained mutation: You are partially covered in slimy green
                  | scales. (AC +2) [demonic ancestry]
 12435 | D:9      | Reached XP level 11. HP: 84/84 MP: 14/18
 12452 | D:9      | Reached *** piety under Qazlal
 12453 | D:9      | Reached skill level 1 in Conjurations
 12458 | D:9      | Reached skill level 1 in Translocations
 12472 | D:9      | Found a staircase to the Lair.
 12473 | D:9      | Identified the +10 short sword "Jienacat" {flame, rN+ MP-9
                  | SInv}
 12563 | Lair:1   | Entered Level 1 of the Lair of Beasts
 12593 | Lair:1   | Learned a level 4 spell: Iskenderun's Mystic Blast
 12623 | Lair:1   | Noticed a five-headed hydra
 12636 | Lair:1   | Killed a five-headed hydra
 12985 | Lair:1   | Reached skill level 1 in Stealth
 13552 | Lair:1   | Acquired a +5 quick blade
 13626 | Lair:2   | Found a gate leading to a gauntlet.
 13641 | Gauntlet | Entered a Gauntlet
 13641 | Gauntlet | Noticed a fire crab
 13641 | Gauntlet | Found a transporter.
 13641 | Gauntlet | Found a transporter.
 13661 | Gauntlet | Found a transporter.
 13662 | Gauntlet | Found a transporter.
 13671 | Gauntlet | Found a transporter.
 13671 | Gauntlet | Found the +3 hat of Pondering {ponderous, Will+ MP+10
                  | Int+5}
 13675 | Gauntlet | Found a transporter.
 13677 | Gauntlet | Noticed a wizard
 13695 | Gauntlet | Found a transporter.
 13702 | Gauntlet | Noticed a red ugly thing
 13703 | Gauntlet | Noticed a red ugly thing
 13704 | Gauntlet | Noticed a wizard
 13704 | Gauntlet | Noticed a glowing orange brain
 13730 | Gauntlet | Found a transporter.
 13730 | Gauntlet | Found a transporter.
 13774 | Gauntlet | Found a transporter.
 13776 | Gauntlet | Found a transporter.
 13786 | Gauntlet | Found a transporter.
 13855 | Gauntlet | Killed a fire crab
 13996 | Gauntlet | Identified the ring of Xom's Fair Game {Drain rElec Slay+5
                  | SInv Stlth+}
 14018 | Gauntlet | Killed a red ugly thing
 14020 | Gauntlet | Noticed a shining eye
 14022 | Gauntlet | Killed a glowing orange brain
 14033 | Gauntlet | Identified the +0 plate armour "Ifighis" {Dex-4 Slay+5}
 14133 | Gauntlet | Killed a brown ugly thing
 14213 | Gauntlet | Identified the +6 great sword "Dyaskynu" {vorpal, rPois rC+
                  | Str-4 Int+3}
 14213 | Gauntlet | Noticed a minotaur
 14243 | Gauntlet | Got the Almanac of the Virous Volcanoes
 14352 | Lair:2   | Gained mutation: You have a tail ending in a sharp stinger.
                  | [demonic ancestry]
 14352 | Lair:2   | Reached XP level 12. HP: 94/94 MP: 16/19
 14466 | Lair:2   | Found a hole to the Spider Nest.
 14476 | Lair:2   | Reached skill level 5 in Conjurations
 14485 | Lair:2   | Found a blossoming altar of Fedhas.
 14608 | Lair:2   | Reached **** piety under Qazlal
 15047 | Lair:3   | Reached skill level 5 in Stealth
 15345 | Lair:3   | Noticed a six-headed hydra
 15353 | Lair:3   | Killed a six-headed hydra
 15685 | Lair:3   | Reached skill level 10 in Fighting
 15744 | Lair:3   | Found a staircase to the Shoals.
 16138 | Lair:4   | Noticed a death yak
 16139 | Lair:4   | Noticed a death yak
 16145 | Lair:4   | Noticed a death yak
 16145 | Lair:4   | Noticed a death yak
 16145 | Lair:4   | Noticed a death yak
 16145 | Lair:4   | Noticed a death yak
 16148 | Lair:4   | Killed a death yak
 16153 | Lair:4   | Killed a death yak
 16169 | Lair:4   | Killed a death yak
 16175 | Lair:4   | Killed a death yak
 16179 | Lair:4   | Killed a death yak
 16180 | Lair:4   | Reached skill level 11 in Invocations
 16180 | Lair:4   | Gained mutation: You are mostly covered in slimy green
                  | scales. (AC +3) [demonic ancestry]
 16180 | Lair:4   | Reached XP level 13. HP: 84/104 MP: 21/21
 16303 | Lair:4   | Found a runed translucent door.
 16874 | Lair:4   | Noticed Conn's ghost (journeyman OpFE)
 17161 | Lair:5   | Reached skill level 10 in Dodging
 17191 | Lair:5   | Learned a level 3 spell: Inner Flame
 17222 | Lair:5   | Reached skill level 1 in Hexes
 17366 | Lair:5   | Reached ***** piety under Qazlal
 17382 | Lair:5   | Reached skill level 12 in Invocations
 18037 | Lair:6   | Entered Level 6 of the Lair of Beasts
 18084 | Lair:5   | Reached skill level 13 in Invocations
 18266 | Lair:6   | Found a staircase to the Slime Pits.
 18266 | Lair:6   | Found a viscous altar of Jiyva.
 18438 | Lair:6   | Reached skill level 5 in Hexes
 18442 | Lair:6   | Reached XP level 14. HP: 65/115 MP: 24/24
 18759 | Lair:6   | Reached skill level 14 in Invocations
 19327 | Lair:6   | Found the +10 tower shield of Ignorance {rN+ Int-4}
 20332 | D:9      | Found a burning altar of Makhleb.
 20357 | D:9      | Reached skill level 5 in Spellcasting
 20364 | D:9      | Found a shimmering altar of Xom.
 20647 | D:9      | Found a basalt altar of Yredelemnul.
 20714 | D:10     | Entered Level 10 of the Dungeon
 21176 | D:10     | Reached skill level 1 in Fire Magic
 21616 | D:11     | Found Moops's Jewellery Boutique.
 21864 | D:11     | Found a runed translucent door.
 21865 | D:11     | Noticed Anamonty's ghost (journeyman OgCA)
 22216 | D:11     | Found a blossoming altar of Fedhas.
 22689 | D:12     | Found a staircase to the Orcish Mines.
 22727 | D:12     | Acquired Great Wizards, Vol. VII
 22736 | D:12     | Learned a level 3 spell: Tukima's Dance
 22742 | D:12     | Learned a level 5 spell: Yara's Violent Unravelling
 22745 | Orc:1    | Entered Level 1 of the Orcish Mines
 22866 | Orc:1    | Found a runed translucent door.
 22867 | Orc:1    | Found a shimmering altar of Xom.
 22867 | Orc:1    | Noticed Majang's ghost (journeyman BaFi)
 23231 | Orc:2    | Entered Level 2 of the Orcish Mines
 23231 | Orc:2    | Found a staircase to the Elven Halls.
 23231 | Orc:2    | Found Wesch's Distillery.
 23383 | Orc:2    | Noticed Rupert
 23391 | Orc:2    | Killed Rupert
 23640 | Orc:2    | Bought a potion of brilliance for 64 gold pieces
 23809 | Orc:2    | Reached skill level 15 in Invocations
 23943 | Orc:2    | Found Luacy's Antique Weapon Emporium.
 23964 | Orc:2    | Found Fyin's Distillery.
 23988 | Orc:2    | Noticed Erolcha
 23997 | Orc:2    | Killed Erolcha
 24005 | Orc:2    | Noticed Azrael
 24408 | Orc:2    | Killed Azrael
 24653 | Orc:2    | Bought 2 potions of haste for 280 gold pieces
 24653 | Orc:2    | Bought 2 potions of cancellation for 224 gold pieces
 24664 | Orc:2    | Found a radiant altar of Vehumet.
 24677 | Orc:2    | Paralysed by an orc sorcerer for 6 turns
 24692 | Orc:2    | Paralysed by an orc sorcerer for 4 turns
 24704 | Orc:2    | Found Peymmurgh's Book Emporium.
 24711 | Orc:2    | Gained mutation: You sometimes gain power by taking damage.
                  | [demonic ancestry]
 24711 | Orc:2    | Reached XP level 15. HP: 116/123 MP: 15/26
 24720 | Orc:2    | Found Tiproush's Jewellery Emporium.
 24840 | Orc:2    | Found an ancient bone altar of Kikubaaqudgha.
 24993 | Orc:2    | Bought a manual of Fighting for 960 gold pieces
 25000 | Orc:2    | Bought an amulet of regeneration for 480 gold pieces
 25293 | Orc:1    | Killed Majang's ghost
 25328 | Orc:1    | Got the Disquisition on Transformation and Displacement
 25600 | D:12     | Identified the +6 spear of Gaxy {venom, Contam rElec rN+
                  | Stlth+}
 25680 | D:12     | Found Cyopaow's Magic Scroll Shoppe.
 27618 | D:14     | Reached skill level 5 in Fire Magic
 27866 | D:14     | Identified Roxanne's Catalogue of the Rocks
 27866 | D:14     | Noticed Roxanne
 28013 | D:14     | Found a gate to the Vaults.
 28214 | D:15     | Entered Level 15 of the Dungeon
 28406 | D:15     | Reached skill level 16 in Invocations
 28457 | D:15     | Found a staircase to the Depths.
 28589 | D:15     | Found a broken altar of Ashenzari.
 29092 | D:15     | Found a shimmering altar of Xom.
 29533 | D:15     | Learned a level 2 spell: Blink
 29694 | D:9      | Acquired 578 gold pieces
 29778 | D:11     | Killed Anamonty's ghost
 30019 | D:3      | Found a one-way gate to the infinite horrors of the Abyss.
 30029 | D:3      | Killed dcsswall's ghost
 30342 | Lair:4   | Killed Conn's ghost
 30590 | Spider:1 | Entered Level 1 of the Spider Nest
 30752 | Spider:1 | Noticed Nikola
 30765 | Spider:1 | Gained mutation: You are powered by pain. [demonic
                  | ancestry]
 30765 | Spider:1 | Reached XP level 16. HP: 124/134 MP: 17/28
 30772 | Spider:1 | Killed Nikola
 30832 | Spider:1 | Reached skill level 10 in Hexes
 31313 | Spider:1 | Reached ****** piety under Qazlal
 31374 | Spider:1 | Identified the +2 scimitar of Lom Mylo {pain, rC+ rCorr
                  | Int+4}
 32292 | Spider:2 | Reached skill level 15 in Fighting
 33032 | Spider:3 | Found a runed translucent door.
 33033 | Spider:3 | Noticed Kefeps's ghost (adept MiBe)
 33732 | Spider:3 | HP: 1/136 [meliai/divine providence (10)]
 34365 | Spider:3 | Reached skill level 17 in Invocations
 34669 | Spider:4 | Entered Level 4 of the Spider Nest
 35008 | Spider:3 | HP: 5/134 [disintegration (10)]
 35400 | Spider:4 | Noticed Kirke
 35427 | Spider:3 | Mangled by a redback

Illustrated notes

Levels and vault maps discovered:
D:1:      scummos_arrival_hexagon, layout_loops_ring, serial_shops,
          nicolae_shop_advertising_works [nicolae_subvault_shop_adworks],
          minmay_tetromino_l2
D:2:      layout_loops_corners, uniq_robin
D:3:      layout_basic, gammafunk_ghost_abyssal_escape, uniq_natasha
D:4:      layout_cave_pods, minmay_temple_entry_waves
D:5:      layout_loops_ring, mainiacjoe_overflow_alcove_2
D:6:      layout_loops_ring, minmay_between
D:7:      layout_loops_ring, minmay_statues_item,
          minmay_misc_feat_secret_circle, uniq_maggie
D:8:      layout_cave_pools, uniq_prince_ribbit1
D:9:      layout_cave_pools, dk_xom_monty_hall, mainiacjoe_overflow_swirl,
          due_lair_maze_entry_diamond, enter_bailey_4, lightli_fourway_metalbox
D:10:     layout_roguey
D:11:     layout_long_grid, serial_shops, shop, ebering_ghost_reflecting_pool,
          fedhas_altar_4
D:12:     layout_small_grid, erik_orc_1, serial_shops, shop_scrolls,
          minivault_16, glass_columns_a, evilmike_minifort
D:13:     layout_basic
D:14:     layout_roguey, erik_vaults_2, nrook_mini_backslash, uniq_roxanne
D:15:     grunt_enter_depths_snipers, layout_rooms, ashenzari_altar_1,
          glass_columns_a, chequers_serial_rivers_small_3,
          chequers_serial_rivers_micro_a, tgw_xom
Temple:   compressed_dpeg_circular_temple
Lair:1:   layout_chaotic_city
Lair:2:   layout_cave_pods, dummy_spider_entry, basic_altar,
          gauntlet_entry_generic, serial_bayou_shore_a,
          infiniplex_staircase_pool_2
Lair:3:   layout_small_grid, minmay_shoals_entry_beasts, beast_lair_carwin_11,
          grunt_megastairs_5, lemuel_fruit_fields
Lair:4:   layout_roguey, ebering_ghost_reflecting_pool
Lair:5:   layout_cave_pods
Lair:6:   evilmike_catoblepas_cave, layout_hall_layers, slime_altar_1,
          columned_hall_lemuel, minmay_lindwurm_lava
Spider:1: layout_spider_delve, uniq_nikola
Spider:2: layout_chambers, nicolae_spider_cling_halls
Spider:3: layout_spider_delve, ebering_ghost_inner_flame,
          nicolae_spider_checkerboard
Spider:4: grunt_spider_rune_island, uniq_kirke
Orc:1:    layout_caves, ebering_ghost_xom, nicolae_orc_damp_corner
Orc:2:    kennysheep_orc_mage_school, layout_caves, serial_shops, shop,
          uniq_rupert, uniq_azrael

Skill      XL: |  1  2  3  4  5  6  7  8  9 10 11 12 13 14 15 16 |
---------------+-------------------------------------------------+-----
Short Blades   | 2 3 4 6 8 |  8.0
Armour         | 3 4 5 6 7 |  7.6
Shields        | 3 4 |  4.0
Transmutations | 1 2 3 4 5 6 |  6.8
Fighting       | 4 5 7 8 10 12 13 14 15 | 15.7
Invocations    | 1 4 7 10 11 13 15 16 17 | 17.0
Dodging        | 2 3 5 7 9 10 11 | 11.4
Spellcasting   | 2 3 5 |  5.6
Conjurations   | 4 6 |  6.0
Translocations | 3 |  3.0
Stealth        | 4 5 |  5.2
Hexes          | 5 7 9 11 | 11.6
Fire Magic     | 4 5 |  5.0

Action                   |  1- 3 |  4- 6 |  7- 9 | 10-12 | 13-15 | 16-18 || total
-------------------------+-------+-------+-------+-------+-------+-------++-------
Melee: Rapier            |    90 |       |       |       |       |       ||    90
       Dagger            |    30 |   249 |   442 |   460 |  1030 |    26 ||  2237
       Tailslap          |       |       |       |    93 |   219 |    61 ||   373
       Quick blade       |       |       |       |     6 |    62 |   255 ||   323
Throw: Dart              |       |       |       |     1 |       |       ||     1
       Javelin           |       |       |       |     1 |       |       ||     1
 Cast: Wereblood         |       |       |     5 |    92 |    83 |     2 ||   182
       Inner Flame       |       |       |       |       |   110 |    65 ||   175
       Iskenderun's Myst |       |       |       |       |     1 |       ||     1
       Tukima's Dance    |       |       |       |       |    12 |       ||    12
Invok: Elemental Force   |       |       |       |     1 |    10 |     5 ||    16
       Upheaval          |       |       |       |       |     2 |       ||     2
       Disaster Area     |       |       |       |       |       |     1 ||     1
Evoke: Wand              |       |       |     6 |    17 |       |       ||    23
  Use: Potion            |       |     1 |     2 |     2 |     4 |    10 ||    19
       Scroll            |       |       |    10 |    10 |    16 |     2 ||    38
 Stab: Distracted        |       |       |     6 |     9 |    16 |       ||    31
       Paralysed         |       |       |     3 |    75 |   107 |    39 ||   224
       Petrified         |       |       |       |       |     3 |       ||     3
Armor: Scale mail        |    42 |    88 |    52 |       |       |       ||   182
       Ring mail         |       |       |    71 |    12 |    28 |   124 ||   235
       Troll leather arm |       |       |       |    69 |   183 |       ||   252
       Robe              |       |       |       |       |    15 |       ||    15
       Acid dragon scale |       |       |       |       |    42 |       ||    42
Dodge: Dodged            |    48 |    89 |   148 |   235 |   489 |   214 ||  1223
       Repelled          |       |       |       |       |     9 |       ||     9
Block: Buckler           |    21 |    47 |    60 |   135 |   463 |   184 ||   910
       Other             |       |       |       |       |       |     5 ||     5

Table legend: (Time is in decaauts)
 A = Elapsed time spent in this place.
 B = Non-inter-level travel time spent in this place.
 C = Inter-level travel time spent in this place.
 D = Time resting spent in this place.
 E = Time spent auto-exploring this place.
 F = Levels seen in this place.
 G = Mean time per level.
                   A        B        C        D        E       F      G
               +--------+--------+--------+--------+--------+-----+--------+
         Total |  34519 |  31592 |   2927 |   7850 |  15098 |  30 | 1150.6 |
       Dungeon |  18007 |  16528 |   1479 |   3795 |   8531 |  15 | 1200.5 |
        Temple |    215 |    194 |     21 |      0 |    133 |   1 |  215.0 |
          Lair |   7377 |   6371 |   1006 |   1219 |   3248 |   6 | 1229.5 |
   Spider Nest |   4332 |   4038 |    294 |   1312 |   1937 |   4 | 1083.0 |
  Orcish Mines |   2538 |   2412 |    126 |    701 |    946 |   2 | 1269.0 |
        Bailey |   1463 |   1463 |      0 |    805 |     46 |   1 | 1463.0 |
      Gauntlet |    583 |    583 |      0 |     17 |    257 |   1 |  583.0 |
               +--------+--------+--------+--------+--------+-----+--------+

Top non-repeatable levels by time:
Spider:2: 2041 daAuts
   Orc:2: 1833 daAuts
Spider:3: 1639 daAuts
     D:2: 1587 daAuts
     D:3: 1564 daAuts
  Lair:6: 1522 daAuts
     D:1: 1467 daAuts
  Bailey: 1463 daAuts
     D:5: 1362 daAuts
    D:15: 1328 daAuts
     D:7: 1273 daAuts
  Lair:1: 1264 daAuts
     D:6: 1263 daAuts
    D:12: 1259 daAuts
  Lair:5: 1234 daAuts
